 Dungeon Sprint DCSS version 0.30-a0-1161-g0704695555 (webtiles) character file.

Game seed: 11386730103530645692

2212 sircluck the Severer (level 9, -4/96 HPs)
             Began as a Hill Orc Berserker on Apr 27, 2023.
             Was a Priest of Trog.
             Slain by a hornet (12 damage)
             ... in the Dungeon (Sprint I: "Red Sonja").
             The game lasted 00:02:44 (995 turns).

sircluck the Severer (Hill Orc Berserker)            Turns: 995, Time: 00:02:45

Health: -4/96      AC: 11    Str: 24    XL:     9   Next: 35%
Magic:  9/9        EV: 10    Int:  7    God:    Trog [***...]
Gold:   772        SH:  0    Dex: 10    Spells: 8/8 levels left

rFire   . . .        a - +0 hand axe
rCold   . . .        (no shield)
rNeg    . . .        j - +0 chain mail
rPois   .            (no helmet)
rElec   .            (no cloak)
rCorr   .            (no gloves)
SInv    .            (no boots)
Will    .....        (no amulet) Stlth
                     (no ring)
HPRegen 0.36/turn    (no ring)
MPRegen 0.11/turn

%: no teleportation
@: on berserk cooldown, slowed, very slow
A: no striking features
a: Renounce Religion, Berserk, Trog's Hand


You were in the Dungeon.
You worshipped Trog.
Trog was most pleased with you.
You visited 1 branch You collected 772 gold pieces.

Inventory:

Hand Weapons
 a - a +0 hand axe (weapon)
 n - the +1 sling "Urih Exo" {antimagic, rElec}
   (You found it in the Dungeon)

   rElec:     It insulates you from electricity.
Armour
 b - a +0 animal skin
 j - a +0 chain mail (worn)
Wands
 i - a wand of polymorph (12)
Scrolls
 l - a scroll of silence {unknown}
 m - a scroll of poison {unknown}
Potions
 c - 2 potions of curing
 e - a potion of haste
 f - 2 potions of magic
 g - a potion of berserk rage
 k - 2 potions of lignification {unknown}


   Skills:
 + Level 14.8 Fighting
 + Level 17.0 Axes
 + Level 9.7 Armour
 + Level 5.0 Dodging
 + Level 2.9 Unarmed Combat


You had 8 spell levels left.
You didn't know any spells.
Your spell library was empty.

Dungeon Overview and Level Annotations

Branches:
Dungeon (1/1)

Altars:
Cheibriados
Dithmenos
Elyvilon
Fedhas
Gozag
Hepliaklqana
Kikubaaqudgha
Makhleb
Nemelex Xobeh
Okawaru
Qazlal
Ru
Sif Muna
Trog
Uskayaw
Vehumet
Wu Jian
Xom
Yredelemnul
Zin
The Shining One
Jiyva
Lugonu

Shops:
D **


Message History

You barely miss the hornet.
The hornet is severely wounded.
You feel sick.
The centaur warrior shouts!
The hornet stings you!
* * * LOW HITPOINT WARNING * * *
You are lethally poisoned!
You feel as though you will be slow longer.
The centaur warrior wields a +0 shortbow.
The centaur warrior shoots an arrow.
The arrow hits you!
* * * LOW HITPOINT WARNING * * *
The hornet barely misses you.
You feel much better.
You feel very sick.
The hornet stings you but does no damage.
The hornet closely misses you.
You hit the hornet but do no damage.
The hornet is severely wounded.
You feel very sick.
The hornet stings you but does no damage.
The centaur warrior shoots an arrow.
The arrow hits you.
* * * LOW HITPOINT WARNING * * *
You barely miss the hornet.
The hornet is severely wounded.
You feel sick. The hornet barely misses you.
The centaur warrior shoots an arrow.
The arrow hits you!
* * * LOW HITPOINT WARNING * * *
Unknown command.
Blink to where?
Press: ? - help, Q - select action, (/) - cycle Dir - move target
As you read the scroll of blinking, it crumbles to dust.
* * * LOW HITPOINT WARNING * * *
You feel very sick.
Unknown command.
Aiming: Polymorph
Press: ? - help, Q - select action, (/) - cycle Shift-Dir - straight line, f - hornet
Aim: a hornet (severely wounded, will become a fire bat, a meliai, or a sky beast, chance to affect: 39%)
Okay, then.
You feel better. The hornet stings you!
You die...

#..#####'#####'#__####
#..####..#...#[####$§# ##
#.)#__####..##.#§§~..#.$#
#..#_____##'#_.+§§§§§'..#
#⌠⌠#_.∩...'..._#§§~§§#
####_..__##_.#'##§####
#_____###)#.#§§..#
############.####y###
#∩........'...'.@...+
###++++####...#######
###.### #.#'#.# #.....#
#.....# #######


You could see a hornet.

Vanquished Creatures
  A centaur warrior (D)
  Sonja (D)
  A deep troll (D)
  A slime creature (D)
  Sigmund (D)
  A yak (D)
  An ogre (D)
  A jelly (D)
  Ijyb (D)
9 creatures vanquished.

Vanquished Creatures (others)
  2 ballistomycete spores (D)
2 creatures vanquished.

Grand Total: 11 creatures vanquished

Notes
Turn   | Place    | Note
-------+----------+-------------------------------------------
     0 | D        | sircluck the Hill Orc Berserker began the quest for the
                  | Orb.
     0 | D        | Reached XP level 1. HP: 19/19 MP: 1/1
     1 | D        | Noticed Ijyb
    19 | D        | Killed Ijyb
    20 | D        | Reached skill level 5 in Fighting
    20 | D        | Reached skill level 6 in Axes
    20 | D        | Reached XP level 2. HP: 27/29 MP: 2/2
    20 | D        | Reached XP level 3. HP: 34/36 MP: 3/3
    67 | D        | Noticed an ogre
    72 | D        | Killed an ogre
    73 | D        | Reached skill level 8 in Axes
    73 | D        | Reached skill level 1 in Unarmed Combat
    73 | D        | Reached XP level 4. HP: 47/47 MP: 4/4
   129 | D        | Noticed Sigmund
   139 | D        | Killed Sigmund
   139 | D        | Reached ** piety under Trog
   140 | D        | Reached skill level 11 in Axes
   140 | D        | Reached skill level 5 in Armour
   140 | D        | Reached XP level 5. HP: 42/57 MP: 5/5
   140 | D        | Reached XP level 6. HP: 48/64 MP: 6/6
   205 | D        | Found an ornate altar of the Wu Jian Council.
   205 | D        | Found a shimmering blue altar of Sif Muna.
   207 | D        | Found a radiant altar of Vehumet.
   251 | D        | Found Qoinlolu's General Store.
   251 | D        | Found an ancient bone altar of Kikubaaqudgha.
   251 | D        | Found a hazy altar of Hepliaklqana.
   251 | D        | Found a stormy altar of Qazlal.
   251 | D        | Found a hide-covered altar of Uskayaw.
   251 | D        | Found a blossoming altar of Fedhas.
   251 | D        | Found a bloodstained altar of Trog.
   251 | D        | Found an iron altar of Okawaru.
   251 | D        | Found a basalt altar of Yredelemnul.
   251 | D        | Found a glowing golden altar of the Shining One.
   251 | D        | Found a snail-covered altar of Cheibriados.
   251 | D        | Found a sacrificial altar of Ru.
   251 | D        | Found a glowing silver altar of Zin.
   251 | D        | Found a shadowy altar of Dithmenos.
   251 | D        | Found a white marble altar of Elyvilon.
   251 | D        | Noticed a yak
   259 | D        | Killed a yak
   260 | D        | Reached skill level 10 in Fighting
   260 | D        | Reached skill level 12 in Axes
   260 | D        | Found an opulent altar of Gozag.
   261 | D        | Found a sparkling altar of Nemelex Xobeh.
   308 | D        | Found a burning altar of Makhleb.
   308 | D        | Found a viscous altar of Jiyva.
   308 | D        | Found a shimmering altar of Xom.
   308 | D        | Found a corrupted altar of Lugonu.
   308 | D        | Noticed a slime creature
   316 | D        | Killed a slime creature
   317 | D        | Reached skill level 13 in Axes
   317 | D        | Reached XP level 7. HP: 74/74 MP: 7/7
   365 | D        | Noticed Sonja
   374 | D        | Killed Sonja
   374 | D        | Reached *** piety under Trog
   375 | D        | Reached skill level 15 in Axes
   375 | D        | Reached XP level 8. HP: 81/86 MP: 8/8
   633 | D        | Found Boel's Assorted Antiques.
   697 | D        | Noticed a deep troll
   712 | D        | Killed a deep troll
   713 | D        | Reached skill level 16 in Axes
   962 | D        | Identified the +1 sling "Urih Exo" {antimagic, rElec}
   965 | D        | Noticed a centaur warrior
   965 | D        | Noticed a centaur warrior
   977 | D        | Killed a centaur warrior
   978 | D        | Reached skill level 17 in Axes
   978 | D        | Reached skill level 5 in Dodging
   978 | D        | Reached XP level 9. HP: 82/96 MP: 9/9
   979 | D        | Noticed a hornet
   990 | D        | HP: 4/96 [centaur warrior/arrow (12)]
   995 | D        | Slain by a hornet

Illustrated notes

Levels and vault maps discovered:
D:        dungeon_sprint_1 [red_sonja_temple_1, red_sonja_temple_small_1]

Skill      XL: |  1  2  3  4  5  6  7  8 |
---------------+-------------------------+-----
Fighting       | 5 7 9 11 13 14 | 14.8
Axes           | 6 8 11 13 15 17 | 17.0
Dodging        | 2 3 4 5 |  5.0
Armour         | 3 5 6 7 9 |  9.7
Unarmed Combat | 1 2 |  2.9

Action                     |  1- 3 |  4- 6 |  7- 9 || total
---------------------------+-------+-------+-------++-------
  Melee: Unarmed           |    10 |       |       ||    10
         Hand axe          |     4 |    27 |    37 ||    68
         Punch             |       |     2 |       ||     2
 Invoke: Berserk           |     2 |     2 |     3 ||     7
    Use: Potion            |       |       |     2 ||     2
         Scroll            |       |       |     1 ||     1
 Armour: Skin              |     1 |       |       ||     1
         Chain mail        |       |     3 |    12 ||    15
  Dodge: Dodged            |     7 |     7 |    21 ||    35

Table legend: (Time is in decaauts)
 A = Elapsed time spent in this place.
 B = Non-inter-level travel time spent in this place.
 C = Inter-level travel time spent in this place.
 D = Time resting spent in this place.
 E = Time spent auto-exploring this place.
 F = Levels seen in this place.
 G = Mean time per level.
                   A        B        C        D        E       F      G
               +--------+--------+--------+--------+--------+-----+--------+
         Total |   1037 |   1029 |      8 |    677 |    102 |   1 | 1037.0 |
       Dungeon |   1037 |   1029 |      8 |    677 |    102 |   1 | 1037.0 |
               +--------+--------+--------+--------+--------+-----+--------+

Top non-repeatable levels by time:
       D: 1037 daAuts
